 Dungeon Crawl Stone Soup version 0.29.1-2-gbd0b4ee654 (webtiles) character file.

Game seed: 13391003542737913120

21273 funnyparkerb the Fighter (level 12, -9/157 HPs)
             Began as a Vine Stalker Fighter on Nov 20, 2022.
             Was a Priest of Uskayaw.
             Mangled by a reaper
             ... wielding a +0 scythe of flaming
              (20 damage)
             ... in a Gauntlet.
             The game lasted 00:32:57 (12933 turns).

funnyparkerb the Fighter (Vine Stalker Fighter)    Turns: 12933, Time: 00:32:58

Health: -9/157     AC: 26    Str: 23    XL:     12   Next: 88%
Magic:  0/30       EV:  2    Int:  8    God:    Uskayaw [***...]
Gold:   1380       SH:  8    Dex: 15    Spells: 11/11 levels left

rFire   + . .      SeeInvis .   (no weapon)
rCold   . . .      Faith    +   L - +2 buckler
rNeg    . . .      Spirit   +   (body armour currently unavailable)
rPois   +          Reflect  .   (helmet currently unavailable)
rElec   .          Harm     .   (cloak currently unavailable)
rCorr   .          Rampage  .   (gloves currently unavailable)
Will    +....      NoTele   +   (boots currently unavailable)
Stlth   ..........              r - amulet of faith
HPRegen 1.16/turn               m - ring of protection from fire
MPRegen 0.22/turn               E - ring of magical power

@: berserking (expiring), tree-form (expiring), very quick
A: stationary, stasis, torment immunity, boosted hp, (fangs 3), regeneration 1,
magic shield, (antimagic bite), no potion heal 2
a: Renounce Religion, Stomp, Line Pass


You were in a Gauntlet.
You worshipped Uskayaw.
Uskayaw was aware of your devotion.
You were a tree.
You visited 3 branches of the dungeon, and saw 17 of its levels.
You visited the Abyss 1 time.
You also visited: Sewer, Gauntlet and Ice Cave.

You collected 1380 gold pieces.

Inventory:

Hand Weapons
 a - a +0 rapier
 i - a +2 dagger of speed
Missiles
 q - 3 boomerangs of dispersal (quivered)
 t - 3 throwing nets
Armour
 n - a +0 pair of boots (melded)
 p - a +2 cloak of willpower
 A - a +0 pair of gloves (melded)
 G - a +0 helmet (melded)
 L - a +2 buckler (worn)
 N - a +0 plate armour (melded)
 X - the +1 cloak of the Buccaneer (melded) {rPois}
   (You found it in a Gauntlet)

   rPois:     It protects you from poison.
Jewellery
 g - a ring of protection from cold
 m - a ring of protection from fire (left branch)
 r - an amulet of faith (around neck)
 D - a ring of protection from cold
 E - a ring of magical power (right branch)
 S - an amulet of reflection
 T - a ring of resist corrosion
 U - a ring of see invisible
 V - a ring of poison resistance
 W - an amulet of regeneration
Wands
 b - a wand of flame (20)
 c - a wand of polymorph (9)
 d - a wand of roots (15)
 s - a wand of charming (25)
 y - a wand of light (8)
 K - a wand of mindburst (9)
Scrolls
 e - a scroll of magic mapping
 f - 2 scrolls of poison
 h - 3 scrolls of fear {unknown}
 u - 4 scrolls of enchant weapon {unknown}
 v - 2 scrolls of fog
 w - 2 scrolls of brand weapon {unknown}
 x - 2 scrolls of noise
 B - 2 scrolls of immolation {unknown}
 C - 4 scrolls of torment {unknown}
 F - 4 scrolls of teleportation
 I - 2 scrolls of blinking
 M - 2 scrolls of silence {unknown}
 P - a scroll of enchant armour {unknown}
Potions
 j - a potion of invisibility
 k - 11 potions of curing
 l - a potion of ambrosia
 o - 8 potions of flight
 H - a potion of heal wounds {unknown}
 J - 2 potions of mutation
 O - a potion of cancellation {unknown}
 Q - 4 potions of brilliance
 R - a potion of lignification


   Skills:
 + Level 11.2 Fighting
 - Level 10.0 Short Blades
 - Level 5.5 Armour
 + Level 7.2 Shields
 + Level 10.7 Invocations


You had 11 spell levels left.
You didn't know any spells.
Your spell library contained the following spells:

 Spells                   Type           Power      Damage    Failure   Level
 Sandblast                Erth           0%         2d4       47%         1
 Summon Small Mammal      Summ           0%         N/A       47%         1
 Passwall                 Tmut/Erth      0%         N/A       63%         2
 Call Canine Familiar     Summ           0%         N/A       85%         3
 Stone Arrow              Conj/Erth      0%         3d7       85%         3
 Summon Guardian Golem    Hex/Summ       0%         N/A       85%         3
 Summon Forest            Summ/Tloc      0%         N/A       100%        5
 Eringya's Noxious Bog    Tmut/Pois      0%         N/A       100%        6
 Summon Hydra             Summ           0%         N/A       100%        7


Dungeon Overview and Level Annotations

Branches:
Dungeon (14/15)            Temple (1/1) D:6            Lair (2/5) D:9
    Orc (0/2) D:9           Sewer (visited)           IceCv (visited)
Gauntlet (1/1)
  Swamp: Lair:2-3    Shoals: Lair:2-3     Snake: Lair:2-3    Spider: Lair:2-3
 Vaults: D:13-14

Altars:
Ashenzari
Cheibriados
Dithmenos
Elyvilon
Fedhas
Gozag
Kikubaaqudgha
Makhleb
Nemelex Xobeh
Okawaru
Qazlal
Ru
Sif Muna
Trog
Uskayaw
Vehumet
Wu Jian
Xom
Zin
The Shining One

Annotations:
D:8 Amaemon
Temple 2 transporters Gauntlet 9 transporters


Innate Abilities, Weirdness & Mutations

You are a tree.
Your roots penetrate the ground, keeping you stationary.
You cannot be teleported.
You are immune to unholy pain and torment.
Your maximum health is greatly increased.
Your equipment is partially melded.
((You have razor-sharp teeth.))
Your natural rate of healing is unusually fast.
When hurt, damage is shared between your health and your magic reserves.
((Your bite disrupts and absorbs the magic of your enemies.))
Potions cannot restore your health.


Message History

The hellwing is heavily wounded.
The shadow imp grinds its teeth.
The shadow imp hits you but does no damage.
The reaper hits you but does no damage. You block the hellwing's attack.
The hellwing completely misses you.
You smack the hellwing!
The hellwing is severely wounded.
You can now pass through a line of other dancers.
You pummel the hellwing!!
You kill the hellwing!
Your transformation is almost over.
The reaper hits you from afar with a +0 scythe of flaming!
* * * LOW HITPOINT WARNING * * *
The reaper burns you.
* * * LOW HITPOINT WARNING * * *
You block the shadow imp's attack.
You smack the shadow imp!
The shadow imp is severely wounded.
The reaper hits you but does no damage.
The shadow imp hits you but does no damage. x2
Uskayaw will force your foes to helplessly watch your dance.
Uskayaw prepares the audience for your solo!
The helpless shadow imp fails to defend itself.
You smack the shadow imp!
You kill the shadow imp!
The helpless shadow imp fails to defend itself.
You pummel the shadow imp!!
You kill the shadow imp!
The reaper is no longer paralysed.
The reaper hits you from afar with a +0 scythe of flaming!!
* * * LOW HITPOINT WARNING * * *
The reaper burns you!
* * * LOW HITPOINT WARNING * * *
Okay, then.
You are too berserk!
You cannot move.
You cannot move.
You are too berserk!
The reaper hits you from afar with a +0 scythe of flaming!!
You die...

#..##§...............#########
.# ##.8.....8................
##...............8.....8...
#≈...###########...........
##...#5..#.#...#...########
#§...#5.#...#..#...#.......
##...#5##...##.#####.#.###.
#≈...#(.##.#..##...#....#..
##.8.#©.#^♣....#©8©#©.#©#.#
#§...#!.##.#..##...#..#...#
##...#[##2.^##.#####.###.##
#≈...#..#...#..#...#.......
##...#...#.#...#...########
#≈...###########...........
##...............8.....8...
#≈.8......8............§...
##...............#≈#≈#≈#≈#§


You could see a reaper.

Vanquished Creatures
  A white draconian (IceCv)
  A hydra (Lair:1)
  2 two-headed ogres
  The ghost of mkat the Ducker, a novice MiWn of Okawaru (D:7)
  2 sixfirhies (Gauntlet)
  Pikel (D:8)
  A manticore (D:13)
  3 cyclopes
  Maurice (D:8)
  2 cane toads (Lair:1)
  2 ice statues (IceCv)
  Maggie (D:9)
  Psyche (D:8)
  4 rime drakes (IceCv)
  3 komodo dragons (Lair:1)
  2 ice devils (D:11)
  A hellwing (Gauntlet)
  A troll (D:11)
  8 blink frogs (Lair:1)
  Grinder (D:4)
  Sigmund (D:3)
  A vampire (D:11)
  2 wraiths
  3 basilisks (Lair:1)
  A wyvern (D:4)
  14 yaks
  2 steam dragons
  A small abomination (Abyss:1)
  An acid dragon (D:11)
  6 water moccasins
  5 orc warriors
  An ogre (D:7)
  4 black bears
  3 centaurs
  5 wolves (Lair:1)
  3 lemures (D:8)
  3 phantoms
  10 bullfrogs
  A gnoll sergeant (D:9)
  A necrophage (D:6)
  A scorpion (D:4)
  3 lindwurm simulacra (IceCv)
  4 killer bees (D:10)
  5 howler monkeys
  6 komodo dragon simulacra (IceCv)
  2 hounds
  2 jellies
  5 orc priests
  Crazy Yiuf (D:3)
  3 iguanas
  17 orc wizards
  Ijyb (D:3)
  3 gnolls (D:4)
  Robin (D:2)
  4 acid dragon simulacra (IceCv)
  12 adders
  4 river rats (Sewer)
  2 shadow imps (Gauntlet)
  2 white imps
  2 ufetubi (D:6)
  8 steam dragon simulacra (IceCv)
  8 worms
  2 dart slugs
  60 orcs
  7 ball pythons
  7 endoplasms
  7 giant cockroaches
  8 hobgoblins
  10 jackals
  7 kobolds
  3 quokkas
  5 bats
  2 frilled lizards
  13 goblins
  7 rats
341 creatures vanquished.

Vanquished Creatures (others)
  53 fungi
  40 plants
93 creatures vanquished.

Grand Total: 434 creatures vanquished

Notes
Turn   | Place    | Note
-------+----------+-------------------------------------------
     0 | D:1      | funnyparkerb the Vine Stalker Fighter began the quest for
                  | the Orb.
     0 | D:1      | Reached XP level 1. HP: 11/11 MP: 2/2
    72 | D:1      | Found a faded altar of an unknown god.
   303 | D:1      | Reached XP level 2. HP: 14/16 MP: 3/3
   733 | D:2      | Reached XP level 3. HP: 19/19 MP: 4/4
   952 | D:2      | Gained mutation: Your natural rate of healing is unusually
                  | fast. [Vine Stalker growth]
   952 | D:2      | Reached XP level 4. HP: 16/23 MP: 5/5
  1375 | D:2      | Noticed Robin
  1401 | D:2      | Killed Robin
  1686 | D:3      | Noticed Ijyb
  1687 | D:3      | Noticed Sigmund
  1709 | D:2      | Reached XP level 5. HP: 23/27 MP: 2/6
  1882 | D:3      | Found a runed translucent door.
  1883 | D:3      | Noticed Crazy Yiuf
  2316 | Abyss:1  | Cast into level 1 of the Abyss (Sigmund)
  2363 | Abyss:1  | Noticed a small abomination
  2388 | Abyss:1  | Noticed a large abomination
  2410 | Abyss:1  | Noticed a ynoxinul
  2420 | Abyss:1  | Killed a small abomination
  2421 | Abyss:1  | Reached skill level 5 in Short Blades
  2421 | Abyss:1  | Reached XP level 6. HP: 21/32 MP: 7/7
  2423 | D:3      | Escaped the Abyss
  2434 | D:3      | Killed Sigmund
  2553 | D:3      | Killed Ijyb
  2895 | D:3      | Killed Crazy Yiuf
  2896 | D:3      | Reached XP level 7. HP: 32/35 MP: 6/8
  3047 | D:4      | Noticed Grinder
  3065 | D:4      | Reached skill level 3 in Fighting
  3069 | D:4      | Noticed a wyvern
  3076 | D:4      | Killed Grinder
  3215 | D:4      | Found an iron altar of Okawaru.
  3245 | D:4      | Killed a wyvern
  3246 | D:4      | Reached skill level 4 in Fighting
  3246 | D:4      | Gained mutation: You have razor-sharp teeth. [Vine Stalker
                  | growth]
  3246 | D:4      | Reached XP level 8. HP: 39/42 MP: 7/9
  3390 | D:4      | Found an ornate altar of the Wu Jian Council.
  3503 | D:4      | Found a glowing drain.
  3507 | Sewer    | Entered a sewer
  4189 | D:5      | Entered Level 5 of the Dungeon
  4222 | D:4      | Reached skill level 5 in Fighting
  4782 | D:6      | Found a staircase to the Ecumenical Temple.
  4811 | Temple   | Entered the Ecumenical Temple
  4811 | Temple   | Found a transporter.
  4811 | Temple   | Found a transporter.
  4815 | Temple   | Found a transporter.
  4815 | Temple   | Found a transporter.
  4845 | Temple   | Became a worshipper of Uskayaw the Reveller
  4880 | D:6      | Reached * piety under Uskayaw
  4881 | D:6      | Reached ** piety under Uskayaw
  4985 | D:6      | Reached *** piety under Uskayaw
  4987 | D:6      | Reached skill level 1 in Invocations
  5721 | D:7      | Reached XP level 9. HP: 41/48 MP: 5/11
  5746 | D:7      | Noticed mkat's ghost (novice MiWn)
  6068 | D:7      | Found a runed translucent gate.
  6084 | D:7      | Found a runed translucent gate.
  6084 | D:7      | Found a runed translucent gate.
  6093 | D:7      | Reached skill level 6 in Fighting
  6263 | D:7      | Reached **** piety under Uskayaw
  6266 | D:7      | Killed mkat's ghost
  6266 | D:7      | Reached ***** piety under Uskayaw
  6321 | D:8      | Noticed Maurice
  6496 | D:8      | Noticed Amaemon
  6500 | D:8      | Noticed an orange demon
  6572 | D:8      | Killed Maurice
  6630 | D:8      | Reached skill level 7 in Fighting
  6630 | D:8      | Reached XP level 10. HP: 55/55 MP: 14/14
  6642 | D:8      | Found a white marble altar of Elyvilon.
  6642 | D:8      | Noticed Pikel
  6661 | D:8      | Killed Pikel
  6662 | D:8      | Reached skill level 5 in Invocations
  6975 | D:8      | Noticed a two-headed ogre
  6993 | D:8      | Killed a two-headed ogre
  7238 | D:8      | Noticed Psyche
  7252 | D:8      | Killed Psyche
  7253 | D:8      | Reached skill level 10 in Short Blades
  7253 | D:8      | Reached skill level 5 in Armour
  7462 | D:9      | Reached skill level 8 in Fighting
  7464 | D:9      | Found a staircase to the Lair.
  7556 | D:9      | Noticed Maggie
  7572 | D:9      | Killed Maggie
  7574 | D:9      | Reached ****** piety under Uskayaw
  7585 | D:9      | Found a staircase to the Orcish Mines.
  7788 | D:9      | Found a glowing golden altar of the Shining One.
  7792 | D:9      | Found a sacrificial altar of Ru.
  7794 | D:9      | Found a glowing silver altar of Zin.
  7838 | D:9      | Reached XP level 11. HP: 56/60 MP: 17/17
  7838 | D:9      | Noticed a two-headed ogre
  8770 | D:10     | Entered Level 10 of the Dungeon
  8770 | D:10     | Noticed a two-headed ogre
  8782 | D:10     | Killed a two-headed ogre
  8844 | D:10     | Identified the +9 quarterstaff "Naompeops" {vorpal, rC++
                  | Dex+6 Stlth-}
  8853 | D:10     | Found a radiant altar of Vehumet.
  8980 | D:10     | Reached skill level 9 in Fighting
  9563 | D:11     | Noticed a cyclops
  9576 | D:11     | Killed a cyclops
  9688 | D:11     | Noticed a cyclops
  9730 | D:11     | Killed a cyclops
  9767 | D:11     | Found a frozen archway.
  9835 | IceCv    | Entered an ice cave
 10317 | IceCv    | Noticed a white draconian
 10357 | IceCv    | Reached skill level 5 in Shields
 10366 | IceCv    | Reached skill level 10 in Fighting
 10383 | IceCv    | Killed a white draconian
 10384 | IceCv    | Reached XP level 12. HP: 41/67 MP: 16/19
 11111 | D:11     | You fall into a shaft and drop 3 floors!
 11124 | D:14     | Noticed a tengu warrior
 11611 | Lair:1   | Entered Level 1 of the Lair of Beasts
 11978 | Lair:1   | Reached skill level 10 in Invocations
 12131 | Lair:1   | Noticed a five-headed hydra
 12146 | Lair:1   | Killed a five-headed hydra
 12382 | Lair:1   | Reached skill level 11 in Fighting
 12607 | Lair:2   | Found a gate leading to a gauntlet.
 12632 | Gauntlet | Entered a Gauntlet
 12632 | Gauntlet | Found a transporter.
 12641 | Gauntlet | Found a transporter.
 12657 | Gauntlet | Found a transporter.
 12661 | Gauntlet | Found a transporter.
 12671 | Gauntlet | Noticed a great orb of eyes
 12681 | Gauntlet | Found a transporter.
 12691 | Gauntlet | Found a transporter.
 12691 | Gauntlet | Noticed an entropy weaver
 12694 | Gauntlet | Found a transporter.
 12698 | Gauntlet | Found a transporter.
 12721 | Gauntlet | Found a transporter.
 12730 | Gauntlet | Noticed a reaper
 12739 | Gauntlet | Found a transporter.
 12743 | Gauntlet | Found a transporter.
 12751 | Gauntlet | Found a transporter.
 12874 | Gauntlet | Identified the +1 cloak of the Buccaneer {rPois}
 12933 | Gauntlet | Mangled by a reaper

Illustrated notes

Levels and vault maps discovered:
D:1:      roderic_crossed_star, layout_basic, dreamdust_ecumenical_altar_statues
D:2:      layout_loops_cross, minmay_surrounded, uniq_robin
D:3:      layout_basic, nrook_loot_triangle, uniq_sigmund, uniq_ijyb,
          uniq_crazy_yiuf_cottage
D:4:      layout_rooms, pdpol_wu_jian_five_deadly_venoms,
          mainiacjoe_overflow_24_doors, gup_sewer_entry_bowl, nicolae_wormholes,
          uniq_grinder
D:5:      layout_loops_cross
D:6:      layout_cave_pods, minmay_temple_entry_drinking_statues, abandoned_shop
D:7:      layout_cave_pools, gammafunk_ghost_split
D:8:      layout_layer_cave, elyvilon_altar_5, reono_crystal_passage,
          uniq_pikel, uniq_maurice, uniq_psyche, uniq_amaemon
D:9:      layout_layer_cave, minitemple, due_lair_maze_entry_diamond,
          hiddenorc2_lemuel, uniq_maggie
D:10:     layout_rooms, mainiacjoe_overflow_catwalk
D:11:     layout_loops_ring, portal_ice_cave_demonic_guard
D:12:     layout_irregular_city, hangedman_decor_opposing
D:13:     lemuel_ice_statue, layout_loops_ring, david_vaults_4,
          nicolae_diode_basic
D:14:     layout_loops_cross, chequers_avenue, uniq_kirke
Temple:   hellmonk_temple_divided_pantheon
Lair:1:   layout_regular_city, grunt_megastairs_2
Lair:2:   layout_chaotic_city, gauntlet_entry_generic, st_stairs_13,
          minmay_lair_oklob_bushes, nicolae_quartered_pool_super
Gauntlet: minmay_gauntlet_mixed_oops_all_seconds
          [minmay_gauntlet_arena_77_broken_ladder,
          nicolae_gauntlet_arena_blocks, minmay_gauntlet_arena_77_squiggly,
          gammafunk_gauntlet_arena_chambers, minmay_gauntlet_arena_77_museum,
          gammafunk_gauntlet_arena_spirals,
          nicolae_gauntlet_exit_dead_adventurers]

Skill      XL: |  1  2  3  4  5  6  7  8  9 10 11 12 |
---------------+-------------------------------------+-----
Short Blades   | 2 3 4 5 6 7 8 9 10 | 10.0
Fighting       | 4 5 7 8 10 11 | 11.2
Invocations    | 2 4 6 9 10 | 10.7
Armour         | 4 5 |  5.5
Shields        | 5 7 |  7.2

Action                   |  1- 3 |  4- 6 |  7- 9 | 10-12 || total
-------------------------+-------+-------+-------+-------++-------
Melee: Short sword       |    64 |   109 |   373 |    79 ||   625
       Bite              |    13 |    24 |   109 |   442 ||   588
       Rapier            |     1 |       |       |       ||     1
       Dagger            |       |       |       |  1023 ||  1023
       Unarmed           |       |       |       |    20 ||    20
Invok: Line Pass         |       |       |     7 |    28 ||    35
       Grand Finale      |       |       |       |     1 ||     1
Evoke: Wand              |       |       |     6 |     7 ||    13
  Use: Scroll            |       |     4 |     6 |     5 ||    15
       Potion            |       |     1 |     1 |     2 ||     4
 Stab: Paralysed         |       |       |     8 |    49 ||    57
       Confused          |       |       |     1 |     8 ||     9
       Petrifying        |       |       |       |     2 ||     2
       Petrified         |       |       |       |     1 ||     1
Armor: Chain mail        |    36 |    52 |   172 |    75 ||   335
       Plate armour      |       |       |       |   224 ||   224
       Skin              |       |       |       |    30 ||    30
Dodge: Dodged            |    23 |    25 |    77 |   138 ||   263
Block: Buckler           |    24 |    14 |    62 |   165 ||   265
